 Dungeon Crawl Stone Soup version 0.30.1-4-g462c640d31 (webtiles) character file.

Game seed: 3231013833880813583

8 growler the Chopper (level 2, 19/23 HPs)
             Began as a Demonspawn Gladiator on Aug 25, 2023.
             Quit the game on level 1 of the Dungeon.
             The game lasted 00:00:22 (68 turns).

growler the Chopper (Demonspawn Gladiator)            Turns: 68, Time: 00:00:23

Health: 19/23      AC:  4    Str: 14    XL:     2   Next: 0%
Magic:  2/2        EV: 12    Int:  9    God:
Gold:   0          SH:  0    Dex: 14    Spells: 1/1 levels left

rFire   . . .        a - +0 war axe
rCold   . . .        (no shield)
rNeg    . . .        b - +0 leather armour
rPois   .            c - +0 helmet
rElec   .            (no cloak)
rCorr   .            (no gloves)
SInv    .            (no boots)
Will    .....        (no amulet)
Stlth   +            (no ring)
HPRegen 0.23/turn    (no ring)
MPRegen 0.08/turn

%: no passive effects
@: no status effects
A: demonic guardian 1
a: no special abilities


You were on level 1 of the Dungeon.
You visited 1 branch of the dungeon, and saw 1 of its levels.

Inventory:

Hand Weapons
 a - a +0 war axe (weapon)
Missiles
 d - 3 throwing nets (quivered)
 e - a javelin
Armour
 b - a +0 leather armour (worn)
 c - a +0 helmet (worn)
Jewellery
 f - a +6 ring of intelligence
Potions
 g - a potion of heal wounds {unknown}


   Skills:
 + Level 2.4 Fighting
 + Level 3.0 Axes
 - Level 1.7 Throwing
 - Level 2.6 Dodging


You had one spell level left.
You didn't know any spells.
Your spell library was empty.

Dungeon Overview and Level Annotations

Branches:
Dungeon (1/15)

Altars:


Innate Abilities, Weirdness & Mutations

A weak demonic guardian rushes to your aid.


Message History

You kill the ball python!
HP restored.
Things that are here:
a +0 dagger of draining; a goblin corpse
f - a +6 ring of intelligence
g - a bubbling red potion A jackal and a goblin come into view.
The jackal barks!
You hear a bark!
A goblin comes into view. It is wielding a +0 club.
Found a scroll labelled EGEAD NOTYDO.
A kobold comes into view. It is wielding a +0 whip.
A jackal comes into view.
The goblin shouts!
The jackal barks!
The jackal moves out of view.
A jackal comes into view.
The jackal barks!
You slash the jackal!
You kill the jackal!
A jackal comes into view.
The goblin closely misses you.
You slash the goblin!
You kill the goblin!
You barely miss the goblin. The goblin hits you but does no damage.
You barely miss the goblin. The goblin hits you but does no damage.
You closely miss the kobold. You hit the jackal. You miss the goblin.
The jackal bites you but does no damage.
The goblin hits you with a +0 club. The kobold hits you with a +0 whip.
The kobold closely misses you. The goblin closely misses you.
Unknown command.
You slash the jackal!
You kill the jackal!
You closely miss the jackal. You hit the goblin.
You hit the kobold but do no damage. The jackal barely misses you.
The jackal closely misses you. The kobold closely misses you.
The goblin barely misses you.
Your Axes skill increases to level 3!
You have reached level 2!
Your demonic ancestry asserts itself...
You feel the presence of a demonic guardian.
Are you sure you want to abandon this character and quit the game? (Confirm with "yes".)

#.........#####.##
.#####.#........
#####...#####.##
#.....#.# .#
#.##.###.### .#
#.## #.. .#
#.##.## .###
#....#.# #.###@h.#
# #Kg.# #h..#
#..... #......
...?..## #####.#
.#


You could see 2 jackals, a goblin and a kobold.

Vanquished Creatures
  3 ball pythons (D:1)
  2 goblins (D:1)
  2 jackals (D:1)
7 creatures vanquished.

Notes
Turn   | Place    | Note
-------+----------+-------------------------------------------
     0 | D:1      | growler the Demonspawn Gladiator began the quest for the
                  | Orb.
     0 | D:1      | Reached XP level 1. HP: 16/16 MP: 1/1
    68 | D:1      | Reached skill level 3 in Axes
    68 | D:1      | Gained mutation: A weak demonic guardian rushes to your
                  | aid. [demonic ancestry]
    68 | D:1      | Reached XP level 2. HP: 19/23 MP: 2/2
    68 | D:1      | Quit the game

Illustrated notes

Levels and vault maps discovered:
D:1:      amcnicky_arrival_double_pillar, layout_loops_ring

Skill      XL: |  1 |
---------------+----+-----
Axes           | 3 |  3.0
Fighting       | |  2.4
Throwing       | |  1.7
Dodging        | |  2.6

Action                     || total
---------------------------++-------
  Melee: War axe           ||    10
 Armour: Leather armour    ||     5
  Dodge: Dodged            ||    12
